 Dungeon Crawl Stone Soup version 0.22-a0-353-g2d6336e (webtiles) character file.

52 aspa the Magician (level 3, 0/21 HPs)
             Began as an Octopode Wizard on Apr 15, 2018.
             Slain by an adder (4 damage)
             ... on level 2 of the Dungeon.
             The game lasted 00:02:59 (1437 turns).

aspa the Magician (Octopode Wizard)                 Turns: 1437, Time: 00:02:59

Health: 0/21       AC:  1    Str:  6    XL:     3   Next: 85%
Magic:  0/8        EV: 13    Int: 21    God:
Gold:   107        SH:  0    Dex: 10    Spells: 0/10 levels left

rFire    . . .     SeeInvis .   a - +3 dagger
rCold    . . .     Gourm    .   (no shield)
rNeg     . . .     Faith    .   g - +0 hat
rPois    .         Spirit   .   (no amulet)
rElec    .         Reflect  .   (no ring)
rCorr    .         Harm     .   (no ring)
MR       .....                  (no ring)
Stlth    +++.......             (no ring)
HPRegen  0.07/turn              (no ring)
MPRegen  0.11/turn              (no ring)
                                (no ring)
                                (no ring)

@: lethally poisoned (0 -> -5)
A: almost no armour, stealthy swim, amphibious, 8 rings, constrict 8, camouflage
1, gelatinous body 1
a: no special abilities


You were on level 2 of the Dungeon.
You were hungry.

You visited 1 branch of the dungeon, and saw 2 of its levels.

You collected 107 gold pieces.

Inventory:

Hand Weapons
 a - a +3 dagger (weapon)
 b - a +0 spear
 m - a +0 hand axe of flaming
Armour
 g - a +0 hat (worn)
Scrolls
 e - 2 scrolls of remove curse {unknown}
 h - 2 scrolls of identify {unknown}
 l - a scroll of random uselessness {unknown}
 p - a scroll of teleportation {unknown}
Potions
 d - 2 potions of degeneration {unknown}
 f - 2 potions of agility {unknown}
 j - 3 potions of curing {unknown}
 k - a potion of lignification {unknown}
 n - a potion of might {unknown}
 o - a potion of heal wounds {unknown}
Comestibles
 c - 6 rations
 i - 3 chunks of flesh


   Skills:
 - Level 2.0 Dodging
 - Level 2.6 Stealth
 + Level 4.1 Spellcasting
 * Level 1.9 Conjurations
 - Level 1.0 Summonings
 - Level 1.0 Translocations


You couldn't memorise any spells.
You knew the following spells:

 Your Spells              Type           Power        Failure   Level  Hunger
a - Magic Dart            Conj           ##..         5%          1    None
b - Call Imp              Summ           #.......     12%         2    #......
c - Mephitic Cloud        Conj/Pois/Air  #.......     26%         3    ###....
d - Blink                 Tloc           N/A          12%         2    #......
e - Slow                  Hex            #.......     19%         2    #......


Dungeon Overview and Level Annotations

Branches:
Dungeon (2/15)

Altars:


Innate Abilities, Weirdness & Mutations

You cannot wear most types of armour.
You are very stealthy in the water. (Stealth+)
You are amphibious.
You can wear up to eight rings at the same time.
You can use your tentacles to constrict eight enemies at once.
Your skin changes colour to match your surroundings (Stealth+).
Your rubbery body absorbs attacks. (AC +1, EV +1)


Message History

The adder is heavily wounded.
The adder bites you.
* * * LOW HITPOINT WARNING * * *
Casting: Magic Dart (safe; 5% risk of failure)
Confirm with . or Enter, or press ? or * to list all spells.
Aiming: Magic Dart (safe; 5% risk of failure)
Press: ? - help, Shift-Dir - straight line, f/p - adder
Aim: an adder (heavily wounded)
The magic dart hits the adder.
The adder is severely wounded.
The adder bites you.
* * * LOW HITPOINT WARNING * * *
You are lethally poisoned!
The adder poisons you!
You miss the adder. You grab the adder.
The adder is severely wounded.
You constrict the adder.
* * * LOW HITPOINT WARNING * * *
You feel sick. The adder bites you.
You die...

#.##.##.# ..#
......####...##
#####.#...........
#......%.)†.?..>..
#..##.#)).S.w.....
#..##.#.#####...## #..#..#w#
#...# #..#.##S# #...#
##..#.##@#####...# #
#........#...#...#
#.#.#.#.####...#...##
##.....#.##..........#
.........#.........#.#######
###...............#.......#
#####.#..............##.#
###.##.#....###.##.##.#
#...........###.##.##..


You could see a worm and an adder.

Vanquished Creatures
  2 adders (D:2)
  A dart slug (D:1)
  A leopard gecko (D:1)
  3 bats
  4 giant cockroaches
  3 goblins
  5 hobgoblins
  7 kobolds
  A ball python (D:1)
  2 frilled lizards (D:1)
  A rat (D:1)
30 creatures vanquished.

Notes
Turn   | Place    | Note
-------+----------+-------------------------------------------
     0 | D:1      | aspa the Octopode Wizard began the quest for the Orb.
     0 | D:1      | Reached XP level 1. HP: 11/11 MP: 4/4
   539 | D:1      | Reached XP level 2. HP: 15/17 MP: 1/6
   543 | D:1      | Learned a level 2 spell: Call Imp
   983 | D:1      | Reached XP level 3. HP: 19/21 MP: 1/8
   988 | D:1      | Learned a level 3 spell: Mephitic Cloud
   991 | D:1      | Learned a level 2 spell: Blink
  1374 | D:2      | Reached skill level 4 in Spellcasting
  1391 | D:2      | Learned a level 2 spell: Slow
  1437 | D:2      | Slain by an adder

Vault maps used:
D:1:      giann_wishing_wells
D:2:      first_ration, minmay_guardbox

Skill      XL: |  1  2  3 |
---------------+----------+-----
Spellcasting   | 4 |  4.1
Dodging        | |  2.0
Stealth        | |  2.6
Conjurations   | |  1.9
Summonings     | |  1.0
Translocations | |  1.0

Action                   || total
-------------------------++-------
Melee: Unarmed           ||     6
       Hand axe          ||    13
       Constrict         ||    11
       Tentacles         ||     4
       Dagger            ||    17
 Cast: Magic Dart        ||    57
 Stab: Sleeping          ||     2
  Eat: Chunk             ||     1
Dodge: Dodged            ||    28

Table legend:
 A = Spawn XP
 B = Non-spawn XP
 C = Spawn XP percentage of total XP
 D = Spawn monster count
 E = Non-spawn monster count
 F = Spawn count percentage of total count
 G = Total turns spent on level
                    A         B        C        D         E        F      G
               +---------+---------+-------+---------+---------+-------+---------
         Total |       0 |      75 |   0.0 |       0 |      30 |   0.0 |  1437
               +---------+---------+-------+---------+---------+-------+---------
           D:1 |       0 |      38 |   0.0 |       0 |      21 |   0.0 |  1262
           D:2 |       0 |      37 |   0.0 |       0 |       9 |   0.0 |   175
               +---------+---------+-------+---------+---------+-------+---------
